 Dungeon Crawl Stone Soup version 0.26-a0-540-g8a0c9464d7 (webtiles) character file.

Game seed: 3235470661831902908

54618 HammerPanzer the Bludgeoner (level 14, -10/124 HPs)
             Began as a Minotaur Berserker on Aug 20, 2020.
             Was the Champion of Trog.
             Mangled by a death knight
             ... wielding a +3 halberd
              (18 damage)
             ... on level 15 of the Dungeon.
             The game lasted 00:48:41 (20849 turns).

HammerPanzer the Bludgeoner (Minotaur Berserker)   Turns: 20849, Time: 00:48:42

Health: -10/124    AC: 26    Str: 31    XL:     14   Next: 35%
Magic:  13/13      EV: 15    Int:  6    God:    Trog [******]
Gold:   448        SH:  0    Dex: 18    Spells: 13/13 levels left

rFire    + + .     SeeInvis .   T - +7 great mace "Firestarter" {inner flame, rF++}
rCold    + . .     Faith    .   (shield currently unavailable)
rNeg     . . .     Spirit   .   F - +4 chain mail
rPois    +         Reflect  .   o - +2 hat
rElec    .         Harm     .   C - +0 cloak {rCorr}
rCorr    +         NoCast   +   a - +0 pair of gloves
MR       +....                  G - +2 pair of boots "Ageuschu" {-Cast rPois rC+ Str+6}
Stlth    ..........             (no amulet)
HPRegen  0.30/turn              A - +4 ring of protection
MPRegen  0.13/turn              l - +6 ring of dexterity

@: slowed, very slow
A: retaliatory headbutt, horns 2, icy blue scales 1, agile 1, blurry vision 1,
sense surroundings 1, MP-powered wands
a: Berserk, Trog's Hand, Brothers in Arms, Renounce Religion


You were on level 15 of the Dungeon.
You worshipped Trog.
Trog was exalted by your worship.
You visited 1 branch of the dungeon, and saw 15 of its levels.

You collected 1051 gold pieces.
You spent 603 gold pieces at shops.

Inventory:

Hand Weapons
 f - a +2 morningstar of freezing
 h - a +7 demon whip of flaming
 m - a +5 double sword of electrocution
 E - a +2 flail of protection
 T - the +7 great mace "Firestarter" (weapon) {inner flame, rF++}
   (Trog gifted it to you on level 14 of the Dungeon)

   It has been specially enchanted to burn those struck by it, causing extra
   injury to most foes and up to half again as much damage against particularly
   susceptible opponents.
   It greatly protects you from fire.
Missiles
 s - 36 poisoned darts (quivered)
Armour
 a - a +0 pair of gloves (worn)
 k - a scarf of repulsion
 o - a +2 hat (worn)
 C - a +0 cloak of preservation (worn)
 D - +0 steam dragon scales
 F - a +4 chain mail (worn)
 G - the +2 pair of boots "Ageuschu" (worn) {-Cast rPois rC+ Str+6}
   (You found it on level 10 of the Dungeon)

   It affects your strength (+6).
   It protects you from cold.
   It protects you from poison.
   It prevents spellcasting.
 N - a +2 scale mail of magic resistance
Jewellery
 l - a +6 ring of dexterity (right hand)
 t - an uncursed ring of poison resistance {unknown}
 y - an uncursed ring of poison resistance {unknown}
 A - a +4 ring of protection (left hand)
 J - an uncursed ring of positive energy
 O - the cursed necklace of Bloodlust {*Rage +Rage MR++ Int-3 Slay+6 *Curse}
   (You bought it in a shop on level 13 of the Dungeon)

   [amulet of nothing]

   It affects your intelligence (-3).
   It affects your accuracy and damage with ranged weapons and melee attacks
   (+6).
   It affects your resistance to hostile enchantments.
   It lets you go berserk.
   It may make you go berserk in combat.
   It curses itself when equipped.
   It has a curse placed upon it.
Wands
 g - a wand of flame (30)
 v - a wand of disintegration (21)
 x - a wand of iceblast (34)
 I - a wand of digging (5)
Scrolls
 j - 4 scrolls of enchant weapon
 q - a scroll of remove curse
 u - a scroll of enchant armour
 w - 3 scrolls of teleportation
 K - a scroll of fear
 R - a scroll of fog
Potions
 b - 15 potions of ambrosia
 d - 5 potions of brilliance
 i - a potion of curing
 z - a potion of magic {unknown}
 L - 2 potions of stabbing
 M - 2 potions of haste
 S - 2 potions of berserk rage {unknown}
Miscellaneous
 c - a lightning rod (4/4)
 p - a lightning rod (4/4)
 r - a phial of floods
 Q - a box of beasts (3/3)


   Skills:
 + Level 11.0 Fighting
 * Level 14.0 Long Blades
 - Level 20.5 Maces & Flails
 - Level 2.4 Armour
 + Level 9.8 Dodging


You had 13 spell levels left.
You didn't know any spells.
Your spell library was empty.

Dungeon Overview and Level Annotations

Branches:
Dungeon (15/15)            Temple (0/1) D:4            Lair (0/6) D:8
    Orc (0/2) D:12         Vaults (0/5) D:14
 Depths: D:15

Altars:
Cheibriados
Dithmenos
Fedhas
Hepliaklqana
Ru
Sif Muna
Uskayaw
Beogh

Shops:
D:13 =

Annotations:
D:4 2 runed translucent doors


Innate Abilities, Weirdness & Mutations

You reflexively headbutt those who attack you in melee.
You have a pair of horns on your head.
You are partially covered in icy blue scales. (AC +2)
You are agile. (Dex +2)
Scrolls take you a little longer to read.
You passively map a small area around you.
You expend magic power (3 MP) to strengthen your wands.


Message History

The death knight hits you but does no damage.
You crush the death knight like a grape!!!
You burn the death knight!
The death knight is filled with an inner flame.
Your headbutt misses the death knight.
The death knight is severely wounded.
The death knight reflects your damage back at you!
The skeletal warrior hits you with a +0 trident.
* * * LOW HITPOINT WARNING * * *
The death knight mumbles some strange prayers to Yredelemnul against you.
Your body is wracked with pain!
* * * LOW HITPOINT WARNING * * *
The skeletal warrior barely misses you.
The death knight invokes the aid of Yredelemnul against you.
Your body is wracked with pain!
* * * LOW HITPOINT WARNING * * *
The skeletal warrior hits you from afar with a +0 trident.
* * * LOW HITPOINT WARNING * * *
The death knight hits you from afar with a +3 halberd!!
You die...

#+##########'######* *
.....####...........,,
...#.#..#..######### *
...#.'..#..#
...#.#..#..#######* ,
* .....#..#........# *
, ######..####'###.# *
#............#☼#, *
#............#@#,, **
######'####'####§# **
............# #pz..#*
* .#.....###..# ....##
, .......###..# ....##
+
............#.....#*,
* ####....#####.....#
, #....# ....... , ,
#.##.# ........ ,


You could see a death knight (inner flame, reflects damage) and a skeletal
warrior.

Vanquished Creatures
  Frances (D:13)
  2 deep elf sorcerers (D:13)
  4 vault guards (D:14)
  Harold (D:8)
  A hydra (D:12)
  4 centaur warriors
  A catoblepas (D:13)
  The ghost of Graouh the Basher, a novice MiFi (D:10)
  2 two-headed ogres
  Urug (D:10)
  3 death yaks (D:8)
  A deep elf knight (D:14)
  5 skeletal warriors
  3 unseen horrors
  A necromancer (D:14)
  Pikel (D:7)
  An orc knight (D:14)
  2 orc sorcerers (D:13)
  10 deep elf magi
  9 ugly things
  2 manticores
  A cyclops (D:14)
  5 naga magi (D:13)
  Maurice (D:8)
  2 gargoyles
  5 yaktaurs
  A komodo dragon (D:11)
  2 tengu conjurers (D:14)
  3 meliai (D:12)
  A queen bee (D:12)
  5 trolls
  A merfolk (shapeshifter) (D:10)
  4 hippogriffs
  A wyvern (D:12)
  6 wraiths
  10 yaks
  A vampire (D:12)
  A steam dragon (D:8)
  An acid dragon (D:14)
  A soldier ant (D:11)
  3 sky beasts
  4 ice beasts
  A black bear (D:12)
  14 orc warriors
  3 phantoms (D:7)
  A necrophage (D:9)
  9 ogres
  18 centaurs
  A lemure (D:7)
  2 big kobolds
  15 bullfrogs
  A wyvern zombie (D:11)
  A gnoll sergeant (D:10)
  A wyvern skeleton (D:6)
  3 scorpions
  36 killer bees
  26 wights
  2 howler monkeys (D:7)
  5 jellies
  A bullfrog zombie (D:12)
  4 centaur zombies
  3 quasits
  4 centaur skeletons
  8 orc priests
  11 hounds
  2 bullfrog skeletons
  14 orc wizards
  A gnoll shaman (D:8)
  9 iguanas
  5 polar bear simulacra (D:14)
  10 worker ants
  A yak simulacrum (D:14)
  3 wolf simulacra (D:14)
  A killer bee zombie (D:5)
  5 hound skeletons
  A howler monkey zombie (D:6)
  A worker ant zombie (D:8)
  A howler monkey skeleton (D:8)
  8 gnolls
  15 adders
  3 shadow imps
  A white imp (D:7)
  2 oozes
  An ufetubus (D:9)
  An adder zombie (D:4)
  2 adder skeletons
  A worm (D:5)
  5 dart slugs
  5 leopard geckos
  49 orcs
  11 bats
  6 giant cockroaches
  6 goblins
  7 hobgoblins
  18 jackals
  4 quokkas
  A ball python (D:4)
  8 frilled lizards
  12 kobolds
  7 rats
  2 river rat simulacra (D:14)
514 creatures vanquished.

Vanquished Creatures (others)
  A centaur zombie (D:13)
  A kobold (D:10)
  7 plants
9 creatures vanquished.

Grand Total: 523 creatures vanquished

Notes
Turn   | Place    | Note
-------+----------+-------------------------------------------
     0 | D:1      | HammerPanzer the Minotaur Berserker began the quest for the
                  | Orb.
     0 | D:1      | Reached XP level 1. HP: 19/19 MP: 0/0
    26 | D:1      | Reached skill level 4 in Maces & Flails
   240 | D:1      | Reached XP level 2. HP: 26/26 MP: 1/1
   583 | D:1      | Reached skill level 5 in Maces & Flails
   795 | D:1      | Reached XP level 3. HP: 31/31 MP: 2/2
  1218 | D:2      | Reached ** piety under Trog
  1879 | D:2      | Reached XP level 4. HP: 39/39 MP: 3/3
  2201 | D:3      | Reached skill level 6 in Maces & Flails
  3052 | D:4      | Reached skill level 7 in Maces & Flails
  3052 | D:4      | Reached XP level 5. HP: 22/45 MP: 4/4
  3372 | D:4      | Reached skill level 8 in Maces & Flails
  3372 | D:4      | Reached XP level 6. HP: 46/51 MP: 5/5
  3480 | D:4      | Reached *** piety under Trog
  3670 | D:4      | Found a staircase to the Ecumenical Temple.
  3789 | D:4      | Found a large runed translucent door.
  3789 | D:4      | Found a large runed translucent door.
  3798 | D:4      | Reached skill level 9 in Maces & Flails
  3807 | D:4      | Found a large runed translucent door.
  3807 | D:4      | Found a large runed translucent door.
  3897 | D:4      | Reached XP level 7. HP: 43/57 MP: 6/6
  4186 | D:4      | Reached skill level 10 in Maces & Flails
  4342 | D:4      | Found a snail-covered altar of Cheibriados.
  4372 | D:5      | Entered Level 5 of the Dungeon
  4653 | D:5      | Found a hazy altar of Hepliaklqana.
  4655 | D:5      | Found a shadowy altar of Dithmenos.
  4655 | D:5      | Noticed a shadow
  5023 | D:5      | Found a hide-covered altar of Uskayaw.
  5197 | D:6      | Found a sacrificial altar of Ru.
  5240 | D:6      | Reached **** piety under Trog
  5240 | D:6      | Reached skill level 11 in Maces & Flails
  5351 | D:6      | Reached XP level 8. HP: 64/64 MP: 7/7
  5722 | D:6      | Reached skill level 12 in Maces & Flails
  6054 | D:7      | Reached skill level 13 in Maces & Flails
  6319 | D:7      | Reached XP level 9. HP: 70/70 MP: 8/8
  6324 | D:7      | Reached skill level 14 in Maces & Flails
  7164 | D:7      | Noticed Pikel
  7172 | D:7      | Killed Pikel
  7172 | D:7      | Reached skill level 15 in Maces & Flails
  7584 | D:8      | Noticed Maurice
  7595 | D:8      | Paralysed by Maurice for 7 turns
  7608 | D:8      | Killed Maurice
  7608 | D:8      | Reached skill level 16 in Maces & Flails
  7711 | D:8      | Noticed Harold
  7721 | D:8      | Killed Harold
  7721 | D:8      | Reached XP level 10. HP: 63/77 MP: 9/9
  7722 | D:8      | Reached ***** piety under Trog
  8048 | D:8      | Reached skill level 17 in Maces & Flails
  8315 | D:8      | Noticed a death yak
  8316 | D:8      | Noticed a death yak
  8331 | D:8      | Killed a death yak
  8340 | D:8      | Killed a death yak
  8340 | D:8      | Reached skill level 18 in Maces & Flails
  8640 | D:8      | Found a staircase to the Lair.
  8640 | D:8      | Noticed a death yak
  8667 | D:8      | Killed a death yak
  8667 | D:8      | Reached XP level 11. HP: 82/82 MP: 10/10
  9283 | D:9      | Found a blossoming altar of Fedhas.
  9418 | D:9      | Reached skill level 19 in Maces & Flails
 10227 | D:9      | Noticed a two-headed ogre
 10232 | D:9      | Killed a two-headed ogre
 10500 | D:10     | Entered Level 10 of the Dungeon
 11088 | D:10     | Noticed Urug
 11098 | D:10     | Killed Urug
 11214 | D:10     | Found a runed translucent gate.
 11215 | D:10     | Found a runed translucent gate.
 11215 | D:10     | Noticed Graouh's ghost (novice MiFi)
 11216 | D:10     | Found a runed translucent gate.
 11216 | D:10     | Found a roughly hewn altar of Beogh.
 11250 | D:10     | Killed Graouh's ghost
 11250 | D:10     | Reached skill level 20 in Maces & Flails
 11268 | D:10     | Gained mutation: You have sharp toenails. [potion of
                  | mutation]
 11268 | D:10     | Gained mutation: You are partially covered in molten
                  | scales. (AC +2) [potion of mutation]
 11314 | D:10     | Got a pair of ancient boots
 11317 | D:10     | Got a diamond-encrusted leather armour
 11684 | D:10     | Received a gift from Trog
 12103 | D:11     | Reached skill level 1 in Long Blades
 12442 | D:11     | Killed an unseen horror
 12894 | D:11     | Lost mutation: You are partially covered in molten scales.
                  | (AC +2) [potion of mutation]
 12894 | D:11     | Lost mutation: You have sharp toenails. [potion of
                  | mutation]
 12894 | D:11     | Gained mutation: Your system is resistant to poisons.
                  | (rPois) [potion of mutation]
 12894 | D:11     | Gained mutation: You have sharp toenails. [potion of
                  | mutation]
 12895 | D:11     | Lost mutation: You have sharp toenails. [potion of
                  | mutation]
 12895 | D:11     | Lost mutation: Your system is resistant to poisons. (rPois)
                  | [potion of mutation]
 12895 | D:11     | Gained mutation: Your mind is acute. (Int +2) [potion of
                  | mutation]
 12895 | D:11     | Gained mutation: You are partially covered in iridescent
                  | scales. (AC +2) [potion of mutation]
 12895 | D:11     | Gained mutation: You are partially covered in icy blue
                  | scales. (AC +2) [potion of mutation]
 12895 | D:11     | Gained mutation: Your mind is very acute. (Int +4) [potion
                  | of mutation]
 12896 | D:11     | Lost mutation: Your mind is very acute. (Int +4) [potion of
                  | mutation]
 12896 | D:11     | Lost mutation: You are partially covered in icy blue
                  | scales. (AC +2) [potion of mutation]
 12896 | D:11     | Lost mutation: Your mind is acute. (Int +2) [potion of
                  | mutation]
 12896 | D:11     | Lost mutation: You are partially covered in iridescent
                  | scales. (AC +2) [potion of mutation]
 12896 | D:11     | Gained mutation: Your flesh is cold resistant. (rC+)
                  | [potion of mutation]
 12896 | D:11     | Gained mutation: Armour fits poorly on your strangely
                  | shaped body. [potion of mutation]
 12896 | D:11     | Gained mutation: You possess an exceptional clarity of
                  | mind. [potion of mutation]
 12896 | D:11     | Gained mutation: You passively map a small area around you.
                  | [potion of mutation]
 12897 | D:11     | Lost mutation: You possess an exceptional clarity of mind.
                  | [potion of mutation]
 12897 | D:11     | Lost mutation: Armour fits poorly on your strangely shaped
                  | body. [potion of mutation]
 12897 | D:11     | Lost mutation: Your flesh is cold resistant. (rC+) [potion
                  | of mutation]
 12897 | D:11     | Gained mutation: You are agile. (Dex +2) [potion of
                  | mutation]
 12897 | D:11     | Gained mutation: Scrolls take you a little longer to read.
                  | [potion of mutation]
 12897 | D:11     | Gained mutation: You are partially covered in icy blue
                  | scales. (AC +2) [potion of mutation]
 12897 | D:11     | Gained mutation: You expend magic power (3 MP) to
                  | strengthen your wands. [potion of mutation]
 12924 | D:11     | Reached XP level 12. HP: 91/92 MP: 11/11
 13268 | D:11     | Reached skill level 5 in Fighting
 13301 | D:11     | Reached skill level 5 in Long Blades
 14122 | D:12     | Reached ****** piety under Trog
 14416 | D:12     | Noticed a seven-headed hydra
 14422 | D:12     | Reached skill level 5 in Dodging
 14428 | D:12     | Killed a seven-headed hydra
 14696 | D:12     | Noticed a two-headed ogre
 14709 | D:12     | Killed a two-headed ogre
 14709 | D:12     | Received a gift from Trog
 15495 | D:12     | Found a staircase to the Orcish Mines.
 15784 | D:13     | Noticed Frances
 15798 | D:13     | Killed Frances
 15974 | D:13     | Found Beux's Jewellery Boutique.
 15984 | D:13     | Noticed a catoblepas
 16160 | D:13     | Reached XP level 13. HP: 107/107 MP: 12/12
 16200 | D:13     | Reached skill level 10 in Long Blades
 16234 | D:13     | Bought the cursed necklace of Bloodlust {*Rage +Rage MR++
                  | Int-3 Slay+6 *Curse} for 603 gold pieces
 16234 | D:13     | Found the cursed necklace of Bloodlust {*Rage +Rage MR++
                  | Int-3 Slay+6 *Curse}
 16608 | D:13     | Received a gift from Trog
 16687 | D:13     | Found a shimmering blue altar of Sif Muna.
 16688 | D:13     | Noticed a deep elf sorcerer
 16706 | D:13     | Killed a deep elf sorcerer
 16817 | D:13     | Noticed a deep elf sorcerer
 16829 | D:13     | Killed a deep elf sorcerer
 17933 | D:14     | Reached skill level 10 in Fighting
 18295 | D:14     | Received a gift from Trog
 18296 | D:14     | Found the +7 great mace "Firestarter" {inner flame, rF++}
 18660 | D:14     | Reached XP level 14. HP: 116/121 MP: 13/13
 18788 | D:14     | Found a gate to the Vaults.
 19886 | D:14     | Identified the +2 pair of boots "Ageuschu" {-Cast rPois rC+
                  | Str+6} (You found it on level 10 of the Dungeon)
 19901 | D:14     | Identified the +2 leather armour of Nis Johi {Int+3} (You
                  | found it on level 10 of the Dungeon)
 20090 | D:15     | Entered Level 15 of the Dungeon
 20849 | D:15     | Mangled by a death knight

Illustrated notes

Levels and vault maps discovered:
D:1:      beargit_arrival_greenhouse, layout_loops_corners, serial_forest,
          infiniplex_forest_end_3, infiniplex_forest_lined_3_way,
          infiniplex_forest_clump_long, infiniplex_forest_straight_3,
          infiniplex_forest_clump_C, grunt_decor_one_mirror
D:2:      layout_basic
D:3:      layout_basic
D:4:      layout_basic, lemuel_coloured_pillars_altar, temple_doors_e,
          minmay_hollow_rounded_squares
D:5:      layout_basic, lemuel_doored_altar, riverfiend_overflow_shadow_ancestor
D:6:      layout_basic, lemuel_crystal_altar
D:7:      layout_basic, uniq_pikel
D:8:      layout_basic, dpeg_lair_monsters, minmay_between, uniq_maurice,
          uniq_harold
D:9:      layout_basic, fedhas_bush_and_centaur_altar
D:10:     minmay_weird_star, layout_rooms, biasface_ghost_orc_armoury,
          minmay_shattered_shrine, uniq_urug
D:11:     layout_irregular_city
D:12:     layout_roguey [special_room_bee], david_orc_4
D:13:     evilmike_library_of_no_secrets, layout_loops_cross, serial_shops,
          shop, uniq_frances
D:14:     layout_basic, grunt_vaults_entry_fortified, st_stairs_7,
          serial_bayou_pond_a, eino_house_with_fridge
D:15:     grunt_enter_depths_hoard, layout_stronghold, eino_curves_02,
          hangedman_glass_teeth

Skill      XL: |  1  2  3  4  5  6  7  8  9 10 11 12 13 14 |
---------------+-------------------------------------------+-----
Maces & Flails | 4 5 7 8 9 11 13 16 18 20 | 20.5
Long Blades    | 3 9 13 14 | 14.0
Fighting       | 4 7 10 11 | 11.0
Dodging        | 3 6 9 |  9.8
Armour         | |  2.4

Action                   |  1- 3 |  4- 6 |  7- 9 | 10-12 | 13-15 || total
-------------------------+-------+-------+-------+-------+-------++-------
Melee: Mace              |    87 |    86 |   116 |       |       ||   289
       Headbutt          |    12 |    12 |    48 |   167 |    72 ||   311
       Morningstar       |       |       |   171 |   329 |       ||   500
       Double sword      |       |       |       |   168 |       ||   168
       Kick              |       |       |       |    55 |       ||    55
       Demon whip        |       |       |       |    87 |   163 ||   250
       Great mace        |       |       |       |       |    93 ||    93
Throw: Dart              |       |       |       |     4 |       ||     4
Invok: Berserk           |     1 |     3 |     7 |    17 |     6 ||    34
Evoke: Lightning rod     |       |       |       |       |     1 ||     1
  Use: Scroll            |       |     8 |    11 |     6 |     2 ||    27
       Potion            |       |       |     1 |    12 |       ||    13
Armor: Animal skin       |    13 |       |       |       |       ||    13
       Chain mail        |     8 |    33 |   189 |   390 |   102 ||   722
       Leather armour    |     1 |       |       |       |       ||     1
Dodge: Dodged            |    66 |    24 |   155 |   254 |   103 ||   602
Block: Buckler           |       |       |       |    12 |    14 ||    26
       Rpst.: Double sword |       |       |       |    31 |       ||    31

Table legend: (Time is in decaauts)
 A = Elapsed time spent in this place.
 B = Non-inter-level travel time spent in this place.
 C = Inter-level travel time spent in this place.
 D = Time resting spent in this place.
 E = Time spent auto-exploring this place.
 F = Levels seen in this place.
 G = Mean time per level.
                   A        B        C        D        E       F      G
               +--------+--------+--------+--------+--------+-----+--------+
         Total |  20896 |  20487 |    409 |   7643 |   8884 |  15 | 1393.1 |
       Dungeon |  20896 |  20487 |    409 |   7643 |   8884 |  15 | 1393.1 |
               +--------+--------+--------+--------+--------+-----+--------+

Top non-repeatable levels by time:
    D:14: 2497 daAuts
     D:8: 2016 daAuts
    D:13: 1918 daAuts
    D:12: 1892 daAuts
     D:9: 1557 daAuts
    D:11: 1557 daAuts
    D:10: 1520 daAuts
     D:4: 1356 daAuts
     D:1: 1165 daAuts
     D:7: 1030 daAuts
     D:6: 1010 daAuts
     D:2: 976 daAuts
     D:3: 927 daAuts
     D:5: 819 daAuts
    D:15: 651 daAuts
